 Dungeon Crawl Stone Soup version 0.29.1-13-g9f3cf754e1 (webtiles) character file.

Game seed: 1742935591655662219

49 Exodus22XD the Covered (level 3, 33/33 HPs)
             Began as a Minotaur Fighter on Feb 4, 2023.
             Was a Follower of Sif Muna.
             Quit the game on level 2 of the Dungeon.
             The game lasted 00:01:17 (1614 turns).

Exodus22XD the Covered (Minotaur Fighter)           Turns: 1614, Time: 00:01:17

Health: 33/33      AC: 11    Str: 22    XL:     3   Next: 51%
Magic:  2/2        EV:  7    Int:  5    God:    Sif Muna [*.....]
Gold:   113        SH:  5    Dex: 15    Spells: 2/2 levels left

rFire   . . .      SeeInvis .   a - +0 war axe
rCold   . . .      Faith    .   c - +0 buckler
rNeg    . . .      Spirit   .   s - +0 chain mail
rPois   .          Reflect  .   (helmet restricted)
rElec   .          Harm     .   o - +0 cloak
rCorr   .          Rampage  .   i - +0 pair of gloves
Will    .....                   (no boots)
Stlth   ..........              (no amulet)
HPRegen 0.11/turn               f - +6 ring of dexterity
MPRegen 0.08/turn               (no ring)

@: no status effects
A: horns 2, retaliatory headbutt
a: Renounce Religion, Channel Magic


You were on level 2 of the Dungeon.
You worshipped Sif Muna.
Sif Muna was aware of your devotion.
You visited 1 branch of the dungeon, and saw 2 of its levels.

You collected 113 gold pieces.

Inventory:

Hand Weapons
 a - a +0 war axe (weapon)
Armour
 c - a +0 buckler (worn)
 i - a +0 pair of gloves (worn)
 o - a +0 cloak (worn)
 s - a +0 chain mail (worn)
Jewellery
 f - a +6 ring of dexterity (left hand)
Scrolls
 e - a scroll of torment {unknown}
 j - 2 scrolls of immolation {unknown}
 k - a scroll of teleportation {unknown}
 m - 3 scrolls of identify {unknown}
 n - a scroll of enchant armour {unknown}
 q - a scroll of noise {unknown}
 r - a scroll of enchant weapon {unknown}
Potions
 d - a potion of might
 g - 2 potions of resistance {unknown}
 h - a potion of heal wounds {unknown}
 l - a potion of invisibility {unknown}
 p - a potion of lignification {unknown}


   Skills:
 + Level 4.2 Fighting
 + Level 3.3 Axes
 + Level 4.2 Armour
 + Level 3.9 Shields


You had 2 spell levels left.
You didn't know any spells.
Your spell library was empty.

Dungeon Overview and Level Annotations

Branches:
Dungeon (2/15)

Altars:
Sif Muna


Innate Abilities, Weirdness & Mutations

You have a pair of horns on your head.
You reflexively headbutt those who attack you in melee.


Message History

You start putting on your armour.
You continue putting on your +0 chain mail. x5
You finish putting on your +0 chain mail.
You drop a +0 scale mail.
No target in view!
Found a stone staircase leading down.
No target in view!
Found Oluh's Magic Scroll Shoppe.
No target in view!
The shop is a mimic!
The shop mimic guffaws and vanishes in a puff of smoke!
No target in view!
Key pressed, stopping explore.
No target in view!
j - 2 scrolls labelled ZIAH CEZAESTEORR (gained 1)
A hobgoblin comes into view.
The hobgoblin hits you.
A hobgoblin is nearby!
You barely miss the hobgoblin. Your headbutt misses the hobgoblin.
The hobgoblin barely misses you. x2
A hobgoblin is nearby!
You completely miss the hobgoblin.
The hobgoblin hits you but does no damage.
A hobgoblin is nearby!
You hit the hobgoblin but do no damage. You block the hobgoblin's attack.
A hobgoblin is nearby!
You closely miss the hobgoblin. You headbutt the hobgoblin.
You kill the hobgoblin!
Found a faded altar of an unknown god.
No target in view!
Found a robe.
No target in view!
No target in view!
Done exploring.
There is a faded altar of an unknown god here.
You cannot tell which god this altar belongs to.
Convert to them anyway?
Sif Muna accepts your prayer! Sif Muna welcomes you!
You can now call upon Sif Muna for magical energy.
Are you sure you want to abandon this character and quit the game? (Confirm with "yes".)

..............####P.##
..............#P...##
.............#P.##P#
......#...#..###.###
.###..#...#.##P...P##
.♣ #..#...###..~~~..##
.♣♣#.##...##P..P~~..P#
.....##...###P.[...P##
.♣♣####...# ###♣@♣###
.♣ ####...# ###
.###......#
.....##...#
###########


There were no monsters in sight!

Vanquished Creatures
  An adder (D:2)
  A worm (D:2)
  A dart slug (D:1)
  2 bats (D:2)
  4 endoplasms
  2 giant cockroaches (D:1)
  A goblin (D:1)
  6 hobgoblins
  A quokka (D:2)
  A ball python (D:1)
  3 frilled lizards
  5 kobolds
  6 rats
34 creatures vanquished.

Notes
Turn   | Place    | Note
-------+----------+-------------------------------------------
     0 | D:1      | Exodus22XD the Minotaur Fighter began the quest for the
                  | Orb.
     0 | D:1      | Reached XP level 1. HP: 19/19 MP: 0/0
   376 | D:1      | Reached XP level 2. HP: 27/27 MP: 1/1
   960 | D:2      | Reached XP level 3. HP: 30/33 MP: 2/2
  1482 | D:2      | Found Oluh's Magic Scroll Shoppe.
  1604 | D:2      | Found a faded altar of an unknown god.
  1613 | D:2      | Prayed at the altar of an unknown god.
  1613 | D:2      | Became a worshipper of Sif Muna the Loreminder
  1613 | D:2      | Reached * piety under Sif Muna
  1614 | D:2      | Quit the game

Illustrated notes

Levels and vault maps discovered:
D:1:      amcnicky_arrival_double_pillar, layout_loops_ring, corner_web_ring
D:2:      layout_basic, dreamdust_ecumenical_altar_hidden_monk_grotto,
          serial_shops, shop, minmay_tree_intersection, minmay_misc_feat_columns

Skill      XL: |  1  2 |
---------------+-------+-----
Armour         | 4 |  4.2
Axes           | 3 |  3.3
Fighting       | 4 |  4.2
Shields        | |  3.9

Action                   || total
-------------------------++-------
Melee: War axe           ||    69
       Headbutt          ||    11
Armor: Scale mail        ||    24
       Chain mail        ||     1
Dodge: Dodged            ||    28
Block: Buckler           ||    12
